 Dungeon Crawl Stone Soup version 0.19.1 (webtiles) character file.

6061 sveltemanboy the Basher (level 10, -4/84 HPs)
             Began as a Gargoyle Monk on Dec 22, 2016.
             Was a High Priest of Okawaru.
             Slain by a killer bee (9 damage)
             ... on level 9 of the Dungeon.
             The game lasted 00:28:33 (10321 turns).

sveltemanboy the Basher (Gargoyle Monk)            Turns: 10321, Time: 00:28:34

Health: -4/84      AC: 15    Str: 23    XL:     10   Next: 87%
Magic:  12/12      EV: 13    Int: 11    God:    Okawaru [*****.]
Gold:   387        SH:  3    Dex: 15    Spells: 1 memorised, 9 levels left

rFire  + . .     SeeInvis .     b - +0 morningstar
rCold  . . .     Gourm    .     v - +0 troll leather armour
rNeg   + . .     Faith    .     (no shield)
rPois  ∞         Spirit   .     n - +0 helmet
rElec  +         Reflect  +     q - +0 cloak
rCorr  .         Harm     .     r - +0 pair of gloves
MR     .....                    (no boots)
Stlth  ..........               u - +3 amulet of reflection
                                o - +3 ring of dexterity
                                e - ring of protection from fire

@: berserking (expiring), repel missiles, very quick
A: negative energy resistance 1, electricity resistance, unbreathing,
petrification resistance, rot immunity, AC +7
a: Heroism, Finesse, Renounce Religion


You were on level 9 of the Dungeon.
You worshipped Okawaru.
Okawaru was extremely pleased with you.
You were hungry.

You visited 2 branches of the dungeon, and saw 10 of its levels.

You collected 387 gold pieces.

Inventory:

Hand Weapons
 b - a +0 morningstar (weapon)
Armour
 n - a +0 helmet (worn)
 q - a +0 cloak (worn)
 r - a +0 pair of gloves (worn)
 v - a +0 troll leather armour (worn)
Jewellery
 a - an uncursed ring of see invisible
 e - a ring of protection from fire (left hand)
 f - an uncursed ring of ice
 o - a +3 ring of dexterity (right hand)
 u - a +3 amulet of reflection (around neck)
 C - an uncursed ring of flight
Wands
 k - a wand of flame (8/48)
 w - a wand of flame (15/48)
 y - a wand of acid (2/15)
Scrolls
 d - a scroll of fear
 g - a scroll of amnesia
 l - 3 scrolls of identify
 p - 3 scrolls of recharging
 t - a scroll of teleportation
 E - a scroll of remove curse
 G - a scroll of magic mapping
Potions
 i - a potion of magic
 j - 2 potions of brilliance
 x - a potion of cure mutation {unknown}
 B - a potion of lignification {unknown}
 D - a potion of haste {unknown}
 F - 2 potions of flight {unknown}
 H - a potion of might {unknown}
Comestibles
 c - 6 bread rations
 m - a slice of pizza
 s - 2 beef jerkies
 z - 2 meat rations
 A - 9 fruits


   Skills:
 - Level 3.2 Fighting
 * Level 14.5 Maces & Flails
 - Level 3.2 Armour
 - Level 2.4 Dodging
 - Level 2.1 Stealth
 - Level 1.0 Spellcasting
 + Level 2.4 Charms
 - Level 1.0 Air Magic
 - Level 3.1 Invocations


You had 9 spell levels left.
You knew the following spells:

 Your Spells              Type           Power        Failure   Level  Hunger
a - Repel Missiles        Chrm/Air       #.....       34%         2    ###....


Dungeon Overview and Level Annotations

Branches:
Dungeon (9/15)             Temple (1/1) D:5             Orc (0/2) D:9
   Lair: D:8-11

Altars:
Ashenzari
Cheibriados
Dithmenos
Elyvilon
Fedhas
Gozag
Hepliaklqana
Nemelex Xobeh
Okawaru
Qazlal
Ru
Sif Muna
Trog
Uskayaw
Vehumet
Xom
Yredelemnul
The Shining One
Lugonu

Annotations:
D:3 graki42's ghost, amateur OgBe


Innate Abilities, Weirdness & Mutations

You are resistant to torment.
Your stone body is resilient. (AC +7)
You are immune to poison.
You resist negative energy. (rN+)
You are resistant to electric shocks. (rElec)
You can survive without breathing.
You are immune to petrification.
You are immune to rotting.


Message History

Okawaru accepts your kill.
You miss the killer bee.
The killer bee stings you but does no damage. x2
You miss the killer bee. The killer bee stings you!
* * * LOW HITPOINT WARNING * * *
You barely miss the killer bee.
The killer bee stings you but does no damage.
The killer bee misses you.
You impale the killer bee!!
The killer bee is almost dead.
The killer bee stings you.
* * * LOW HITPOINT WARNING * * *
The killer bee closely misses you.
You closely miss the killer bee.
The killer bee is almost dead.
The killer bee misses you.
You barely miss the killer bee.
The killer bee is almost dead.
The killer bee stings you!
You die... ##### #y..# #y#.# #y#yyy

#@#yy..#
#############.#..%.###########
#.............#%.y%#..........
#.............#%%%.#..<.......
#..######..####.%%.#####..####
#..# #..# #### #..# #
#..######..#######..####..####
#.....(......†................
#.............................


You could see 3 killer bees.

Vanquished Creatures
  Psyche (D:9)
  Prince Ribbit (D:9)
  A queen bee (D:9)
  A two-headed ogre (D:8)
  A troll (D:9)
  Grum (D:9)
  A water moccasin (D:6)
  2 orc warriors (D:9)
  Duvessa (D:5)
  2 ice beasts
  2 ogres (D:4)
  4 wolves (D:9)
  2 phantoms
  A centaur (D:7)
  A big kobold (D:7)
  4 bullfrogs
  A wyvern zombie (D:7)
  A gnoll sergeant (D:8)
  Dowan (D:5)
  2 scorpions (D:7)
  23 killer bees
  9 wights (D:7)
  A centaur zombie (D:5)
  4 crimson imps
  9 hounds
  4 orc priests
  4 bullfrog skeletons
  2 bullfrog zombies
  2 jellies (D:8)
  8 orc wizards
  2 iguanas (D:8)
  3 worker ants
  A hound skeleton (D:6)
  Robin (D:2)
  4 gnolls (D:8)
  7 adders
  An adder skeleton (D:5)
  A worm (D:2)
  3 dart slugs
  5 leopard geckos
  40 orcs
  4 giant cockroaches
  4 hobgoblins (D:2)
  13 jackals
  6 quokkas
  2 ball pythons
  9 bats
  4 frilled lizards
  14 goblins
  A jackal skeleton (D:7)
  13 kobolds
  A leopard gecko skeleton (D:4)
  A leopard gecko zombie (D:8)
  A quokka skeleton (D:7)
  13 rats
251 creatures vanquished.

Vanquished Creatures (others)
  A hound (D:4)
  2 orc wizards (D:4)
  2 orc priests (D:4)
  A worker ant (D:4)
  An adder (D:4)
  A dart slug (D:4)
  A leopard gecko (D:4)
  2 orcs (D:4)
  A giant cockroach (D:4)
12 creatures vanquished.

Grand Total: 263 creatures vanquished

Notes
Turn   | Place    | Note
-------+----------+-------------------------------------------
     0 | D:1      | sveltemanboy the Gargoyle Monk began the quest for the Orb.
     0 | D:1      | Reached XP level 1. HP: 14/14 MP: 1/1
   398 | D:1      | Reached skill level 1 in Armour
   398 | D:1      | Reached XP level 2. HP: 19/19 MP: 2/2
  1175 | D:1      | Reached XP level 3. HP: 14/23 MP: 3/3
  1443 | D:2      | Reached skill level 4 in Maces & Flails
  1738 | D:2      | Reached XP level 4. HP: 28/28 MP: 4/4
  1811 | D:2      | Noticed Robin
  1842 | D:2      | Killed Robin
  2029 | D:2      | Found a shattered altar of Ashenzari.
  2328 | D:3      | Reached XP level 5. HP: 28/32 MP: 5/5
  2427 | D:3      | Reached skill level 5 in Maces & Flails
  2470 | D:3      | Noticed graki42's ghost (amateur OgBe)
  2893 | D:4      | Got an ominously black robe
  2921 | D:4      | Identified the cursed +0 robe of the Cockatrice {rC+} (You found it on level 4 of the Dungeon)
  2948 | D:4      | Found a sacrificial altar of Ru.
  3063 | D:4      | Reached XP level 6. HP: 34/37 MP: 6/6
  3085 | D:4      | Found a shimmering altar of Xom.
  3124 | D:4      | Reached skill level 6 in Maces & Flails
  3136 | D:4      | HP: 1/37 [orc wizard/magic dart (4)]
  3398 | D:4      | Found a shadowy altar of Dithmenos.
  3834 | D:4      | Reached skill level 7 in Maces & Flails
  3834 | D:4      | Reached XP level 7. HP: 40/41 MP: 7/7
  4200 | D:4      | Found a white marble altar of Elyvilon.
  4200 | D:4      | Found a radiant altar of Vehumet.
  4295 | D:5      | Entered Level 5 of the Dungeon
  4321 | D:5      | Found a white marble altar of Elyvilon.
  4461 | D:5      | Found a staircase to the Ecumenical Temple.
  4469 | Temple   | Entered the Ecumenical Temple
  4741 | D:5      | Noticed Duvessa
  4756 | D:5      | Noticed Dowan
  4767 | D:5      | Killed Duvessa
  4767 | D:5      | Reached skill level 8 in Maces & Flails
  4773 | D:5      | Killed Dowan
  4956 | D:5      | Found an iron altar of Okawaru.
  4959 | D:5      | Became a worshipper of Warmaster Okawaru
  4959 | D:5      | Reached * piety under Okawaru
  4959 | D:5      | Reached ** piety under Okawaru
  5128 | D:5      | Reached XP level 8. HP: 34/46 MP: 8/8
  5130 | D:5      | Reached skill level 1 in Invocations
  5262 | D:5      | Found a hide-covered altar of Uskayaw.
  5265 | D:5      | Found a bloodstained altar of Trog.
  5268 | D:5      | Found a deep blue altar of Sif Muna.
  5858 | D:6      | Reached skill level 9 in Maces & Flails
  6704 | D:7      | Reached skill level 10 in Maces & Flails
  6889 | D:7      | Reached *** piety under Okawaru
  6889 | D:7      | Reached XP level 9. HP: 41/51 MP: 11/11
  7267 | D:7      | Reached skill level 11 in Maces & Flails
  7697 | D:8      | Noticed a two-headed ogre
  7701 | D:8      | Killed a two-headed ogre
  7727 | D:8      | Found a sparkling altar of Nemelex Xobeh.
  7746 | D:8      | Reached skill level 12 in Maces & Flails
  7911 | D:8      | Reached **** piety under Okawaru
  8341 | D:8      | Found a stormy altar of Qazlal.
  8959 | D:9      | Reached skill level 13 in Maces & Flails
  8959 | D:9      | Reached XP level 10. HP: 48/56 MP: 12/12
  9546 | D:9      | Noticed Grum
  9546 | D:9      | Learned a level 2 spell: Repel Missiles
  9559 | D:9      | Killed Grum
  9619 | D:9      | Reached skill level 14 in Maces & Flails
  9682 | D:9      | Found a staircase to the Orcish Mines.
  9723 | D:9      | Noticed Psyche
  9737 | D:9      | Killed Psyche
  9737 | D:9      | Reached skill level 1 in Spellcasting
  9737 | D:9      | Reached skill level 1 in Charms
  9910 | D:9      | Noticed Prince Ribbit
  9990 | D:9      | Killed Prince Ribbit
  9990 | D:9      | Reached skill level 1 in Air Magic
 10247 | D:9      | Reached ***** piety under Okawaru
 10317 | D:9      | HP: 4/84 [killer bee (11)]
 10321 | D:9      | Slain by a killer bee

Skill      XL: |  1  2  3  4  5  6  7  8  9 10 |
---------------+-------------------------------+-----
Armour         | 1 2 3 |  3.2
Maces & Flails | 4 5 7 8 10 13 14 | 14.5
Invocations    | 3 |  3.1
Spellcasting   | 1 |  1.0
Charms         | 2 |  2.4
Air Magic      | 1 |  1.0
Fighting       | |  3.2
Dodging        | |  2.4
Stealth        | |  2.1

Action                   |  1- 3 |  4- 6 |  7- 9 | 10-12 || total
-------------------------+-------+-------+-------+-------++-------
Melee: Mace              |   118 |   204 |   117 |       ||   439
       Morningstar       |       |       |   381 |   280 ||   661
       Whip              |       |       |   126 |       ||   126
 Cast: Repel Missiles    |       |       |       |     1 ||     1
Invok: Heroism           |       |       |       |     2 ||     2
Evoke: Wand              |       |     8 |     2 |     5 ||    15
  Use: Potion            |       |     2 |     3 |     4 ||     9
       Scroll            |       |       |    16 |       ||    16
 Stab: Sleeping          |     1 |     2 |     3 |       ||     6
       Distracted        |       |       |     1 |       ||     1
  Eat: Chunk             |     3 |     7 |    17 |     4 ||    31
Armor: Robe              |    14 |    20 |       |       ||    34
       Leather armour    |    37 |    52 |       |       ||    89
       Ring mail         |       |       |   208 |    71 ||   279
       Troll leather arm |       |       |       |    69 ||    69
Dodge: Dodged            |    89 |   120 |   290 |   204 ||   703
Block: Other             |       |       |    50 |    43 ||    93
